AoeStats
← 陌涼

Hideout

509389155Analyzed
1v1 RM · 7d ago on Sep 26, 2026· 41m 20s· 2 players
Game mode
Random Map
Map size
Tiny (2 player)
Population
200
Speed
Normal
Resources
Standard
Victory
Conquest
Starting age
Dark Age
Ending age
Imperial Age
RankedLock teamsTeams togetherTeam positionsShared explorationLock speedFull tech treeHidden civsTurbo modeCheats
Victory
Defeat
🇹🇼 Aztecs · Taiwan
244
+17
🇫🇷 Magyars · France
274
-17
陌涼
1:01 Loom
12:58 Feudal Age
13:14 Man-at-Arms
13:40 Arson
16:07 Forging
17:45 Town Watch
19:07 Scale Mail Armor
21:21 Double-Bit Axe
24:27 Fletching
29:59 Castle Age
30:53 Squires
30:24 Long Swordsman
31:44 Horse Collar
31:58 Gold Mining
32:25 Gambesons
33:32 Iron Casting
37:17 Atlatl
berenger.dewilde
11:21 Feudal Age
13:44 Double-Bit Axe
13:42 Horse Collar
18:28 Man-at-Arms
22:39 Scale Mail Armor
31:40 Castle Age
30:41 Wheelbarrow
29:53 Loom
30:36 Town Watch
31:19 Bloodlines
32:35 Light Cavalry
33:22 Long Swordsman
Connection lost

Rejoining the realm…

Still unreachable

The connection could not be restored.

Session expired

The server has moved on; the page needs a fresh start.